 Dungeon Crawl Stone Soup version 0.27.1-34-g3ba077fa99 (webtiles) character file.

Game seed: 8008368382580694883

526 BabyfaceFinlayson the Poker (level 7, -1/61 HPs)
             Began as a Minotaur Chaos Knight on Feb 16, 2022.
             Was a Plaything of Xom.
             Succumbed to a redback's poison
             ... on level 4 of the Dungeon.
             The game lasted 00:08:29 (2810 turns).

BabyfaceFinlayson the Poker (Minotaur Chaos Knight) Turns: 2810, Time: 00:08:30

Health: -1/61      AC: 13    Str: 18    XL:     7   Next: 2%
Magic:  6/6        EV:  8    Int: 11    God:    Xom [....*.]
Gold:   193        SH:  0    Dex: 10    Spells: 6/6 levels left

rFire    . . .     SeeInvis +   a - +0 spear (chaos)
rCold    . . .     Faith    .   (no shield)
rNeg     . . .     Spirit   .   k - +0 chain mail
rPois    .         Reflect  .   (helmet unavailable)
rElec    .         Harm     .   (no cloak)
rCorr    .         Rampage  .   (no gloves)
Will     +....                  (no boots)
Stlth    ..........             (no amulet)
HPRegen  0.20/turn              h - +4 ring of protection
MPRegen  0.10/turn              f - ring of see invisible

@: confused, mighty, lethally poisoned (-1 -> -27), ambrosia-drunk, very
slightly contaminated, invisible
A: horns 3, retaliatory headbutt, clever 1, strong-willed 1
a: Renounce Religion


You were on level 4 of the Dungeon.
You worshipped Xom.
You were a beloved toy of Xom.
You visited 1 branch of the dungeon, and saw 4 of its levels.

You collected 193 gold pieces.

Inventory:

Hand Weapons
 a - a +0 spear of chaos (weapon)
Armour
 k - a +0 chain mail (worn)
Jewellery
 e - a +4 ring of evasion
 f - a ring of see invisible (right hand)
 h - a +4 ring of protection (left hand)
 m - a ring of resist corrosion
Wands
 g - a wand of polymorph (10)
 o - a wand of paralysis (10)
Scrolls
 d - 2 scrolls of magic mapping
 l - a scroll of enchant weapon {unknown}
 n - a scroll of identify
 p - a scroll of brand weapon {unknown}


   Skills:
 + Level 5.1 Fighting
 + Level 6.7 Polearms
 + Level 5.0 Armour
 + Level 3.0 Dodging
 + Level 1.0 Stealth


You had 6 spell levels left.
You didn't know any spells.
Your spell library contained the following spells:

 Spells                   Type           Power      Damage    Failure   Level
 Sublimation of Blood     Necr           0%         N/A       99%         2
 Petrify                  Tmut/Erth      0%         N/A       100%        4
 Irradiate                Conj/Tmut      0%         3d13      100%        5


Dungeon Overview and Level Annotations

Branches:
Dungeon (4/15)
 Temple: D:4-7

Altars:


Innate Abilities, Weirdness & Mutations

You have a pair of large horns on your head.
You reflexively headbutt those who attack you in melee.
Your mind is acute. (Int +2)
You are strong-willed. (Will+)


Message History

The orc priest is lightly wounded.
The orc priest barely misses you.
You hit the orc priest. Your headbutt misses the orc priest.
The orc priest is heavily wounded.
You hit the orc priest.
The orc priest is severely wounded.
The orc priest hits you but does no damage.
The floating eye seems to glare at you.
You hit the orc priest. You burn the orc priest.
Your headbutt misses the orc priest.
The orc priest is almost dead.
The orc priest hits you but does no damage.
You closely miss the orc priest. You headbutt the orc priest.
You kill the orc priest!
Your Armour skill increases to level 5!
Your Dodging skill increases to level 3!
You have reached level 7!
A redback comes into view.
The redback bites you.
* * * LOW HITPOINT WARNING * * *
You are lethally poisoned!
The redback poisons you!
The redback bites you but does no damage.
You see here a +0 whip.
It was a potion of might.
You feel very mighty all of a sudden.
* * * LOW HITPOINT WARNING * * *
You feel extremely sick.
The redback changes into a swamp dragon!
The orc priest mumbles some strange prayers to Beogh against you.
You resist with some effort.
It was a potion of ambrosia.
You are confused.
You feel invigorated.
* * * LOW HITPOINT WARNING * * *
You feel extremely sick.
The swamp dragon changes into a salamander!
The orc priest barely misses you.
You die...
Xom thinks this is hilarious!

#.#..............
#............##.#
#............##.###
..................#######
.#............#..........#
.†.......................#
.##..#####.##............#####
......# #.####.##.........?.#
#.##### #.# #.@)##.........#
..# ##.######)##o......... ###
.....#..No.#.......... #
............)≈........ .
......................
......................
......................
.............#########
..<..........#


You could see an orc priest.

Vanquished Creatures
  Sigmund (D:3)
  A scorpion (D:4)
  A hound (D:4)
  An orc priest (D:4)
  Jessica (D:2)
  Natasha (thrice) (D:3)
  Terence (D:2)
  A hound skeleton (D:4)
  5 adders
  An ufetubus (D:4)
  2 dart slugs
  5 orcs
  5 bats
  5 endoplasms
  3 giant cockroaches
  A hobgoblin (D:1)
  A kobold (D:1)
  5 quokkas
  6 ball pythons
  2 frilled lizards (D:3)
  7 rats
58 creatures vanquished.

Vanquished Creatures (others)
  Ijyb (D:3)
1 creature vanquished.

Grand Total: 59 creatures vanquished

Notes
Turn   | Place    | Note
-------+----------+-------------------------------------------
     0 | D:1      | BabyfaceFinlayson the Minotaur Chaos Knight began the quest
                  | for the Orb.
     0 | D:1      | Reached XP level 1. HP: 19/19 MP: 0/0
   480 | D:1      | XOM: potion effect (heal wounds)
   510 | D:1      | Reached skill level 4 in Polearms
   599 | D:1      | Reached XP level 2. HP: 25/27 MP: 1/1
   944 | D:2      | Reached XP level 3. HP: 31/33 MP: 2/2
   952 | D:2      | XOM: silly message
   993 | D:2      | Noticed Terence
   993 | D:2      | XOM: cast spell 'Cause Fear'
  1020 | D:2      | Killed Terence
  1157 | D:2      | Noticed Jessica
  1160 | D:2      | XOM: enchant monster (good)
  1164 | D:2      | Killed Jessica
  1165 | D:2      | Reached XP level 4. HP: 40/40 MP: 3/3
  1201 | D:2      | XOM: 7-stop teleportation journey
  1408 | D:2      | Reached skill level 5 in Polearms
  1654 | D:3      | Noticed Natasha
  1662 | D:3      | Killed Natasha
  1740 | D:3      | Noticed Natasha
  1744 | D:3      | XOM: potion effect (invisibility)
  1749 | D:3      | Killed Natasha
  1750 | D:3      | Reached XP level 5. HP: 33/47 MP: 4/4
  1769 | D:3      | Noticed Natasha
  1777 | D:3      | Killed Natasha
  2031 | D:3      | Noticed Sigmund
  2039 | D:3      | Killed Sigmund
  2040 | D:3      | Reached skill level 6 in Polearms
  2040 | D:3      | Reached XP level 6. HP: 53/55 MP: 5/5
  2111 | D:3      | XOM: 9-stop teleportation journey
  2254 | D:3      | Found a faded altar of an unknown god.
  2305 | D:3      | XOM: give mutations
  2305 | D:3      | Gained mutation: You are strong-willed. (Will+) [Xom's
                  | grace]
  2305 | D:3      | Gained mutation: You have a pair of large horns on your
                  | head. [Xom's grace]
  2305 | D:3      | Gained mutation: Your mind is acute. (Int +2) [Xom's grace]
  2471 | D:3      | Noticed Ijyb
  2476 | D:3      | Killed Ijyb
  2476 | D:3      | XOM: divine lightning
  2723 | D:4      | Reached skill level 5 in Fighting
  2738 | D:4      | Reached skill level 1 in Stealth
  2758 | D:4      | XOM: god gift: wand of paralysis (10)
  2789 | D:4      | Noticed a glowing shapeshifter
  2789 | D:4      | an orc changed into a glowing shapeshifter
  2789 | D:4      | Noticed a slime creature
  2789 | D:4      | a glowing shapeshifter changed into a slime creature
  2793 | D:4      | Noticed a water nymph
  2793 | D:4      | a slime creature changed into a water nymph
  2796 | D:4      | Noticed a floating eye
  2807 | D:4      | Reached skill level 5 in Armour
  2807 | D:4      | Reached XP level 7. HP: 18/61 MP: 6/6
  2807 | D:4      | Noticed a redback
  2808 | D:4      | Noticed a swamp dragon
  2808 | D:4      | a redback changed into a swamp dragon
  2809 | D:4      | HP: 2/61 [poisoned by a redback]
  2809 | D:4      | Noticed a salamander
  2809 | D:4      | a swamp dragon changed into a salamander
  2810 | D:4      | Succumbed to a redback's poison

Illustrated notes

Levels and vault maps discovered:
D:1:      lightli_arrival_chessboard, layout_basic
D:2:      layout_basic, kennysheep_generic_room_15, uniq_terence, uniq_jessica
D:3:      layout_basic, dilly_ecumenical_altar_fadedgnrine, uniq_natasha,
          uniq_ijyb, uniq_sigmund
D:4:      layout_rooms, mainiacjoe_overflow_alcove_4, minmay_circle_x

Skill      XL: |  1  2  3  4  5  6 |
---------------+-------------------+-----
Polearms       | 4 5 6 |  6.7
Armour         | 3 4 5 |  5.0
Fighting       | 4 5 |  5.1
Dodging        | 2 3 |  3.0
Stealth        | 1 |  1.0

Action                   |  1- 3 |  4- 6 |  7- 9 || total
-------------------------+-------+-------+-------++-------
Melee: Spear             |    72 |   106 |       ||   178
       Headbutt          |     6 |    16 |       ||    22
  Use: Scroll            |       |     3 |       ||     3
       Potion            |       |     2 |     2 ||     4
 Stab: Paralysed         |     2 |       |       ||     2
Armor: Leather armour    |    16 |       |       ||    16
       Scale mail        |     1 |    16 |       ||    17
       Chain mail        |       |    41 |     1 ||    42
Dodge: Dodged            |    35 |    64 |     1 ||   100
